[Event "56th Rubinstein Memorial D 2020"]
[Site "Polanica Zdroj"]
[Date "2020.08.20"]
[Round "6.2"]
[White "Gromczak, Dariusz"]
[Black "Podgorski, Maciej"]
[Result "0-1"]
[ECO "B24"]
[WhiteElo "1785"]
[BlackElo "1810"]
[Annotator "NA RC"]
[PlyCount "85"]
[EventDate "2020.08.15"]
[EventType "swiss"]
[EventCountry "POL"]
[SourceTitle "playchess.com"]
[Source "ChessBase"]
[SourceQuality "1"]
[TimeControl "40/5400+30:1800+30"]

1. e4 c5 2. Nc3 Nc6 3. Bb5 g6 4. Bxc6 dxc6 5. d3 Bg7 6. Be3 b6 7. f4 {[%emt 0:02:38] B23: Closed Sicilian: Lines without g3.} Nh6 8. h3 {[%emt 0:01:49] [#]} e5 $146 ({Predecessor:} 8... Bd4 9. Qd2 f5 10. Nf3 Be6 11. O-O-O Qd7 12. Ne2 Bxe3 13. Qxe3 O-O-O 14. d4 fxe4 15. dxc5 {1-0 (30) Abergel,T (2521)-Frank,W (1998) Bad Wiessee 2010}) 9. Nf3 exf4 10. Bxf4 O-O $2 (10... f6 $14) 11. Qd2 g5 (11... Nf5 $142 12. exf5 Re8+ 13. Kf2 Bxf5) 12. Bxg5 Qd6 13. O-O f5 {[%emt 0:08:08] [#]} 14. e5 $1 Qe6 15. Rae1 Nf7 16. Bf4 Ba6 17. b3 Kh8 18. Qf2 Rad8 19. Re2 Rg8 20. Rfe1 Bf8 21. Qh4 Be7 22. Qh5 c4 (22... Rde8 $142 23. a4 Rg7) 23. bxc4 Bb4 24. Ng5 Nxg5 25. Bxg5 Bxc3 $2 (25... Rdf8) 26. Bf6+ $1 Rg7 27. Bxd8 $2 (27. Bxg7+ Kg8 28. Qg5 Bxe1 29. Bf6+ {[%mdl 64] Discovered Attack} Kf8 30. Qg7+ {[%mdl 64] Double Attack} Ke8 31. Qh8+ Kf7 32. Qg7+ Ke8 33. Rxe1) 27... Kg8 $2 (27... Bxe1 28. Rxe1 Rg6) 28. Bf6 Rg6 29. Rf1 Bc8 30. Qf3 Bd7 31. Kh1 Bd4 32. Bd8 Rh6 (32... Qe8 $142 33. Bf6 Be6) 33. Bg5 Rg6 34. Bf6 Rh6 {[%emt 0:07:25] [#]} (34... Bc8 $142 35. Qh5 Bc5) 35. Qf4 $1 {[%emt 0:00:43] Double Attack} Rxf6 36. Qxd4 (36. exf6 $142 Qxf6 {[#]} 37. Qc7 $1 {[%mdl 576] Double Attack}) 36... Rg6 37. Qd6 Qxd6 38. exd6 Rxd6 39. Re7 h5 40. Kg1 c5 41. Rf3 $18 Ba4 42. Rxf5 Bxc2 43. Rd5 0-1

[Event "56th Rubinstein Memorial D 2020"]
[Site "Polanica Zdroj"]
[Date "2020.08.20"]
[Round "6.6"]
[White "Pyka, Roman"]
[Black "Bienkowski, Zbigniew"]
[Result "1-0"]
[ECO "A82"]
[WhiteElo "1873"]
[BlackElo "1739"]
[Annotator "NA RC"]
[PlyCount "47"]
[EventDate "2020.08.15"]
[EventType "swiss"]
[EventCountry "POL"]
[SourceTitle "playchess.com"]
[Source "ChessBase"]
[SourceQuality "1"]
[TimeControl "40/5400+30:1800+30"]

1. d4 f5 2. e4 d6 3. exf5 Bxf5 4. Bd3 Qd7 5. Nf3 Nc6 6. O-O {[%emt 0:00:14] A82: Dutch Defence: Staunton Gambit.} Nf6 7. Re1 Bg4 ({Black should play} 7... Bxd3 $14 8. Qxd3 O-O-O) 8. c3 O-O-O {[%emt 0:03:34] [#]} 9. h3 $146 ({Predecessor:} 9. b4 e5 10. b5 e4 11. Bxe4 Ne7 12. Nbd2 g6 13. Qa4 Kb8 14. c4 Bg7 15. Bb2 {½-½ (24) Tonteri,A (1990)-Murgia,S (1718) Rhodes 2011}) 9... Bh5 10. Qc2 g6 11. Nh2 e5 12. g4 Nxg4 ({Black should try} 12... Bxg4 $14 13. Bg5 (13. Nxg4 Nxg4 14. hxg4 Qxg4+ {[%mdl 64] Double Attack} 15. Kh2 Qh4+ 16. Kg2 Qg4+ 17. Kh2 Qh4+ 18. Kg2 Qg4+ 19. Kh2 $11) 13... Bxh3) 13. hxg4 Bxg4 14. Bb5 Bf5 (14... Be6 $16 15. Qa4 Kb8 16. dxe5 dxe5) 15. Qa4 exd4 16. Bxc6 ({White should play} 16. cxd4 $18 Re8 17. Rxe8+ Qxe8 18. Be3) 16... bxc6 $2 (16... Qxc6 $14 17. Qxc6 (17. Qxd4 Bh3 $14) 17... bxc6) 17. Qxa7 Qf7 18. Bg5 Kd7 $2 (18... Re8 19. Rxe8+ Qxe8) 19. Bxd8 Kxd8 20. cxd4 Qf6 21. Qa8+ Bc8 22. Qxc6 Bh6 23. Nc3 Bf4 {[%emt 0:02:20] [#]} 24. Qxc7+ $18 1-0

[Event "56th Rubinstein Memorial D 2020"]
[Site "Polanica Zdroj"]
[Date "2020.08.20"]
[Round "6.7"]
[White "Szmidt, Przemyslaw"]
[Black "Grzelak, Piotr"]
[Result "1/2-1/2"]
[ECO "C05"]
[WhiteElo "1831"]
[BlackElo "1664"]
[Annotator "NA RC"]
[PlyCount "114"]
[EventDate "2020.08.15"]
[EventType "swiss"]
[EventCountry "POL"]
[SourceTitle "playchess.com"]
[Source "ChessBase"]
[SourceQuality "1"]
[TimeControl "40/5400+30:1800+30"]

1. e4 e6 2. d4 d5 3. Nd2 Nf6 4. Bd3 c5 5. Ngf3 Nc6 ({Better is} 5... c4 $15 6. Be2 dxe4) 6. e5 Nd7 7. c3 cxd4 8. cxd4 Nb4 {[%emt 0:00:24] C06: French Tarrasch: 3...Nf6 4 e5 Nfd7 5 Bd3 main lines.} 9. Bb1 b5 10. O-O Be7 {[%emt 0:03:30] [#]} 11. Nb3 $146 ({Predecessor:} 11. Re1 a5 12. Nf1 Ba6 13. Ng3 h5 14. h3 Rc8 15. a3 Nc6 16. Bd3 a4 17. Qe2 {½-½ (42) Bulgarini Torres,M (1958)-Rahde,F (2011) LSS email 2012}) 11... Bb7 12. Be3 (12. a3 $5 Nc6 13. Be3 $14) 12... Nb6 13. Na5 Qd7 14. Nxb7 Qxb7 15. a3 Nc6 {[%emt 0:01:04] [#]} 16. Bd3 (16. b3 $1 $16) 16... a6 17. b3 f6 {[%emt 0:02:29] [#]} (17... Nd7 $14) 18. exf6 $1 gxf6 (18... Bxf6 $142 19. a4 bxa4) 19. Re1 Bd6 20. Bd2 Qf7 21. a4 bxa4 22. bxa4 O-O 23. Qe2 e5 (23... Nb4 $16) 24. dxe5 Nxe5 25. Bf5 Nbc4 26. Nd4 Rfe8 27. Kh1 Nxd2 28. Qxd2 Kh8 29. Qh6 Bc5 30. Rad1 Bxd4 $1 31. Rxd4 Ng6 $2 (31... Nd3 $1 $14 32. Re3 Nxf2+ 33. Kg1 Rxe3 34. Qxe3 Ne4) 32. Red1 Re7 33. Bxg6 ({White should try} 33. g3 $18) 33... Qxg6 34. Qxg6 hxg6 35. Rxd5 Re2 36. R5d2 Rae8 37. g3 Rxd2 38. Rxd2 Re6 39. Rb2 Kg7 40. Rb7+ Kh6 41. a5 Re5 42. Rb6 Rxa5 43. Rxf6 Rf5 44. Rxa6 Rxf2 45. Kg1 Rc2 46. h4 Kh5 47. Rf6 Rb2 48. Rf4 Rc2 49. Kf1 Rb2 50. Rf8 Kg4 51. Rg8 Kxg3 52. h5 g5 53. h6 Rh2 54. Rxg5+ Kf4 55. Rg6 Kf5 56. Ra6 Kg5 $11 57. Ra8 Rxh6 1/2-1/2

[Event "56th Rubinstein Memorial D 2020"]
[Site "Polanica Zdroj"]
[Date "2020.08.20"]
[Round "6.8"]
[White "Ursnik, Patryk"]
[Black "Kozlowski, Pawel"]
[Result "0-1"]
[ECO "C00"]
[WhiteElo "1601"]
[BlackElo "1913"]
[Annotator "ChessBase"]
[PlyCount "206"]
[EventDate "2020.08.15"]
[EventType "swiss"]
[EventCountry "POL"]
[SourceTitle "playchess.com"]
[Source "ChessBase"]
[SourceQuality "1"]
[TimeControl "40/5400+30:1800+30"]

1. e4 e6 2. e5 d5 3. exd6 Bxd6 4. d4 Nf6 5. Nf3 O-O 6. Bd3 b6 7. O-O Bb7 8. Bg5 Nbd7 9. Nbd2 c5 10. c3 Qc7 11. dxc5 Nxc5 12. Bxf6 Nxd3 13. Qc2 Ba6 14. Qa4 Nb4 15. Rfc1 b5 16. Qa3 Nd3 17. Qxa6 Nxc1 18. Bxg7 Ne2+ 19. Kf1 Kxg7 20. Kxe2 Rab8 21. Nd4 Rb6 22. Qa5 Bc5 23. N4f3 Qc6 24. c4 bxc4 25. Qc3+ f6 26. Nxc4 Qe4+ 27. Kf1 Bb4 28. Qd4 Qxd4 29. Nxd4 Ra6 30. a3 Bc5 31. Rd1 Bxd4 32. Rxd4 e5 33. Rh4 Rc6 34. Ke2 Kg6 35. Kd3 Rd8+ 36. Kc3 h5 37. Re4 Kf5 38. f3 Rd1 39. b3 Rg1 40. Kb4 Ke6 41. Re2 Kf5 42. Kb5 Rc7 43. Ka4 h4 44. Nd6+ Ke6 45. Nb5 Rg7 46. Re4 R1xg2 47. Rxh4 Rf2 48. Rh3 Rd7 49. Nc3 Rd4+ 50. b4 Rf4 51. Rh7 R4xf3 52. Nb5 a6 53. Nc7+ Kf5 54. Nxa6 Ra2 55. b5 Rfxa3+ 56. Kb4 Rxa6 57. bxa6 Rxa6 58. Kc5 Ra2 59. Kd6 e4 60. Rh3 Kf4 61. Rh4+ Kf3 62. Ke6 Ra6+ 63. Kf5 e3 64. Rf4+ Kg2 65. h4 Ra1 66. Rg4+ Kf3 67. Rf4+ Kg2 68. Rg4+ Kf3 69. Rf4+ Ke2 70. h5 Rh1 71. Kg6 Rf1 72. Rxf1 Kxf1 73. h6 e2 74. h7 e1=Q 75. h8=Q Qg3+ 76. Kf7 Qc7+ 77. Kg6 Qc2+ 78. Kf7 Qc4+ 79. Kg6 Qg4+ 80. Kf7 f5 81. Qa1+ Kf2 82. Qa7+ Kg2 83. Qa8+ Kg3 84. Qa3+ Qf3 85. Qd6+ f4 86. Kf6 Qh5 87. Qb8 Qd5 88. Qc7 Qh5 89. Qb8 Qc5 90. Qg8+ Kf2 91. Qa2+ Ke3 92. Qe6+ Kd3 93. Qh3+ Qe3 94. Qf1+ Ke4 95. Qb1+ Kd4 96. Qb6+ Kd3 97. Qb5+ Kd2 98. Qb2+ Ke1 99. Qb1+ Kf2 100. Qc2+ Qe2 101. Qc5+ Kg3 102. Qc7 Qg4 103. Qb8 Kh3 0-1

[Event "56th Rubinstein Memorial D 2020"]
[Site "Polanica Zdroj"]
[Date "2020.08.20"]
[Round "6.9"]
[White "Kaczanowski, Pawel"]
[Black "Janicki, Rafal"]
[Result "1/2-1/2"]
[ECO "B32"]
[WhiteElo "1655"]
[BlackElo "1851"]
[Annotator "NA RC"]
[PlyCount "139"]
[EventDate "2020.08.15"]
[EventType "swiss"]
[EventCountry "POL"]
[SourceTitle "playchess.com"]
[Source "ChessBase"]
[SourceQuality "1"]
[TimeControl "40/5400+30:1800+30"]

1. e4 c5 2. Nf3 Nc6 3. d4 cxd4 4. Nxd4 e5 5. Nb5 d6 6. N1c3 a6 7. Na3 Be7 8. Be3 {[%emt 0:06:31] B32: Sicilian: Löwenthal and Kalashnikov Variations.} Nf6 9. Nc4 b5 10. Bb6 (10. Nb6 $5 Rb8 11. Nxc8 Qxc8 12. Bd3 $14) 10... Qd7 11. Ne3 O-O {[%emt 0:07:18] [#]} 12. Bd3 $146 ({Predecessor:} 12. Ned5 Nxd5 13. Nxd5 Bb7 14. Be2 Nd4 15. Bxd4 Bxd5 16. Bxe5 Bxe4 17. Bxg7 Kxg7 18. Qd4+ {1-0 (41) Pastuszko,K (2029)-Kozlowski,M (1812) Krakow 2018}) 12... Qb7 13. Ncd5 (13. Ned5 $11 {keeps the balance.}) 13... Be6 14. Qf3 Bxd5 15. exd5 e4 16. dxc6 Qxc6 17. Nf5 Rfe8 18. Qg3 (18. Bxe4 $1 $11 Nxe4 19. Bd4) 18... Nh5 19. Qg4 ({Not} 19. Nxe7+ $2 Rxe7 20. Qe3 exd3 $19 {[%mdl 64] Discovered Attack}) 19... exd3 20. Be3 Bf6 21. Nh6+ Kf8 22. Qxh5 gxh6 23. O-O Bxb2 24. Bxh6+ Bg7 25. Bxg7+ Kxg7 26. cxd3 Re6 27. Rac1 Qb7 28. d4 Rae8 29. Rc3 Qe4 30. d5 Rg6 31. g3 Re5 32. Qd1 Rxd5 $15 33. Qa1 Qd4 34. Ra3 $1 Qxa1 35. Rxa1 Rg4 36. Rxa6 Rb4 37. a4 bxa4 38. R6xa4 Rb2 39. R4a2 Rbb5 40. Rc1 Rbc5 41. Rb1 Rb5 42. Rc1 Rdc5 43. Re1 Kf6 44. Ra7 Re5 45. Rc1 Re7 46. Ra6 Ke6 47. Kg2 Re5 48. f4 Re2+ 49. Kf3 Rd2 50. Re1+ Kf6 51. Rxe7 Kxe7 52. Ra7+ Ke6 53. h3 Rd3+ 54. Kf2 h5 55. h4 Rd2+ 56. Ke3 Rg2 57. Kf3 Rb2 58. Ra5 Rb3+ 59. Kf2 d5 60. Ra6+ Kf5 61. Rd6 Ke4 62. Rh6 Rb2+ 63. Ke1 d4 64. Rxh5 d3 65. Rh8 Rb1+ 66. Kd2 Rb2+ 67. Kd1 Rb1+ 68. Kd2 Rb2+ 69. Kd1 Rb1+ 70. Kd2 1/2-1/2

[Event "56th Rubinstein Memorial D 2020"]
[Site "Polanica Zdroj"]
[Date "2020.08.20"]
[Round "6.10"]
[White "Sypien, Natan"]
[Black "Wolska, Marta"]
[Result "1/2-1/2"]
[ECO "A45"]
[WhiteElo "1794"]
[BlackElo "1551"]
[Annotator "NA RC"]
[PlyCount "100"]
[EventDate "2020.08.15"]
[EventType "swiss"]
[EventCountry "POL"]
[SourceTitle "playchess.com"]
[Source "ChessBase"]
[SourceQuality "1"]
[TimeControl "40/5400+30:1800+30"]

1. d4 Nf6 2. Bg5 Ne4 3. Bf4 d5 4. e3 e6 5. Bd3 Nf6 6. Nf3 c5 7. O-O cxd4 8. exd4 Bd6 9. Bg5 O-O 10. c4 dxc4 11. Bxc4 Nbd7 12. Nc3 a6 13. a4 h6 14. Bh4 Be7 15. Qe2 Nb6 16. Bb3 Nbd5 17. Nxd5 Nxd5 18. Bxd5 Bxh4 19. Bb3 Bf6 20. Qe4 Qb6 21. Bc2 g6 22. Ne5 Bxe5 23. dxe5 Bd7 24. a5 Qc7 25. Ra3 Rac8 26. Rc3 Bc6 27. Qf4 Kg7 28. Rh3 Rh8 29. Qf6+ Kh7 30. Rg3 Rhg8 31. Bb1 Rg7 32. b4 Bb5 33. Re1 Qc1 34. Rge3 Qb2 35. Qf4 Rc4 36. Re4 Qxb4 37. Rd1 Rxe4 38. Qxe4 Qxa5 39. Qxb7 Ba4 40. Rc1 Bb5 41. Qc8 Rg8 42. Qc5 Qd2 43. h4 h5 44. Qc3 Qd5 45. Qc7 Rg7 46. Qc5 Qd8 47. Qb4 Rg8 48. Qf4 Rg7 49. Ba2 Qa5 50. Bc4 Qa4 1/2-1/2

[Event "56th Rubinstein Memorial D 2020"]
[Site "Polanica Zdroj"]
[Date "2020.08.20"]
[Round "6.11"]
[White "Bialik, Nikodem"]
[Black "Ciechonski, Piotr"]
[Result "1-0"]
[ECO "B00"]
[WhiteElo "1552"]
[BlackElo "1774"]
[Annotator "NA RC"]
[PlyCount "115"]
[EventDate "2020.08.15"]
[EventType "swiss"]
[EventCountry "POL"]
[SourceTitle "playchess.com"]
[Source "ChessBase"]
[SourceQuality "1"]
[TimeControl "40/5400+30:1800+30"]

1. e4 d6 2. d4 Nf6 3. Bd3 Nbd7 4. Nc3 e5 5. Nf3 c6 6. O-O Be7 7. b3 Qc7 8. Ne2 b5 9. Bb2 a6 10. Rc1 c5 11. dxe5 dxe5 12. c4 b4 13. Ng3 g6 14. Qc2 h5 15. Rfd1 h4 16. Nf1 h3 17. g3 Bb7 18. Ne3 O-O-O 19. Nd5 Nxd5 20. cxd5 f6 21. a3 a5 22. axb4 axb4 23. Ra1 Qb6 24. Nd2 f5 25. Nc4 Qf6 26. Ra7 Kc7 27. Qe2 Ra8 28. Rxa8 Rxa8 29. exf5 Bxd5 30. Nxe5 Ra2 31. Rd2 Rxb2 32. Nxd7 Rxd2 33. Nxf6 Rxe2 34. Nxd5+ Kd6 35. Bxe2 Kxd5 36. fxg6 Bf6 37. Bc4+ Ke4 38. Kf1 Kf5 39. Bd3+ Kg5 40. Ke2 Bd4 41. Kf3 Kf6 42. Kg4 Bxf2 43. Kxh3 Bg1 44. Kg2 Bd4 45. Kf3 Kg5 46. h3 Bg7 47. h4+ Kh5 48. Kf4 Bc3 49. Kf5 Kh6 50. g4 Bb2 51. g5+ Kh5 52. Ke6 c4 53. bxc4 Kxh4 54. c5 Bd4 55. c6 Kxg5 56. c7 Kf4 57. c8=Q Ke3 58. Qc2 1-0

[Event "56th Rubinstein Memorial D 2020"]
[Site "Polanica Zdroj"]
[Date "2020.08.20"]
[Round "6.12"]
[White "Zyla, Tomasz"]
[Black "Szydelko, Kazimierz"]
[Result "0-1"]
[ECO "A47"]
[WhiteElo "1543"]
[BlackElo "1713"]
[Annotator "NA RC"]
[PlyCount "80"]
[EventDate "2020.08.15"]
[EventType "swiss"]
[EventCountry "POL"]
[SourceTitle "playchess.com"]
[Source "ChessBase"]
[SourceQuality "1"]
[TimeControl "40/5400+30:1800+30"]

1. d4 Nf6 2. Nf3 b6 3. c4 Bb7 4. e3 e6 5. Nc3 d5 6. b3 Be7 7. Bb2 O-O 8. Bd3 Nbd7 9. O-O c5 10. Qe2 Ne4 11. Rfd1 Rc8 12. Rac1 cxd4 13. exd4 Nxc3 14. Rxc3 Bb4 15. Rc2 Qe7 16. Rdc1 Nf6 17. cxd5 Nxd5 18. Rxc8 Rxc8 19. Rxc8+ Bxc8 20. Qc2 Bb7 21. Bxh7+ Kh8 22. Be4 Bd6 23. Qe2 Nf4 24. Qc2 Ba6 25. g3 f5 26. gxf4 fxe4 27. Ne5 Bxe5 28. dxe5 Bd3 29. Qc1 Qh4 30. Qe3 Qg4+ 31. Kh1 Qd1+ 32. Kg2 Qf1+ 33. Kg3 Qg1+ 34. Kh3 Bf1+ 35. Kh4 Qxh2+ 36. Kg5 Qh6+ 37. Kg4 Bg2 38. f3 Qh3+ 39. Kg5 Qg3+ 40. Kh5 Bxf3+ 0-1

[Event "56th Rubinstein Memorial D 2020"]
[Site "Polanica Zdroj"]
[Date "2020.08.20"]
[Round "6.13"]
[White "Brzozowski, Pawel"]
[Black "Ciborowski, Konrad Jr"]
[Result "0-1"]
[ECO "B92"]
[WhiteElo "1620"]
[BlackElo "1405"]
[Annotator "NA RC"]
[PlyCount "100"]
[EventDate "2020.08.15"]
[EventType "swiss"]
[EventCountry "POL"]
[SourceTitle "playchess.com"]
[Source "ChessBase"]
[SourceQuality "1"]
[TimeControl "40/5400+30:1800+30"]

1. e4 c5 2. Nf3 d6 3. d4 cxd4 4. Nxd4 Nf6 5. Nc3 a6 6. Be2 e5 7. Nb3 Be7 8. Be3 Be6 9. Qd2 O-O 10. O-O-O b5 11. f4 b4 12. Nd5 Nxe4 13. Nxe7+ Qxe7 14. Qxb4 f5 15. Bf3 Nc6 16. Qa4 Rac8 17. fxe5 dxe5 18. Bxe4 fxe4 19. Bc5 Qg5+ 20. Kb1 Rfd8 21. Qxe4 Kh8 22. Rxd8+ Nxd8 23. Rf1 Nf7 24. Qb7 Nh6 25. g3 Qg4 26. Rf8+ Rxf8 27. Bxf8 Bf5 28. Qd5 Bxc2+ 29. Kxc2 Qf5+ 30. Kc3 Qxf8 31. Qxe5 Ng4 32. Qe2 Qf6+ 33. Nd4 Ne5 34. Qe4 h6 35. Qf5 Qd6 36. Ne6 Nd7 37. Nf4 Nc5 38. Qd5 Qb6 39. b4 Nb7 40. Qe6 Nd6 41. a4 a5 42. bxa5 Qxa5+ 43. Kd3 Qxa4 44. Ng6+ Kh7 45. Nf8+ Kh8 46. Ke3 Qa7+ 47. Kf3 Qa8+ 48. Kg4 Qxf8 49. Kh5 Kh7 50. Qg6+ Kg8 0-1

[Event "56th Rubinstein Memorial D 2020"]
[Site "Polanica Zdroj"]
[Date "2020.08.20"]
[Round "6.14"]
[White "Jurkiewicz, Joanna"]
[Black "Bukala, Weronika"]
[Result "0-1"]
[ECO "B02"]
[WhiteElo "1691"]
[BlackElo "1504"]
[Annotator "NA RC"]
[PlyCount "58"]
[EventDate "2020.08.15"]
[EventType "swiss"]
[EventCountry "POL"]
[SourceTitle "playchess.com"]
[Source "ChessBase"]
[SourceQuality "1"]
[TimeControl "40/5400+30:1800+30"]

1. e4 Nf6 2. Nc3 d5 3. exd5 Nxd5 4. Nxd5 Qxd5 5. Qf3 Qc5 6. c3 Nc6 7. d4 Qa5 8. Bc4 Bf5 9. Bd2 e6 10. Ne2 O-O-O 11. O-O Ne5 12. dxe5 Rxd2 13. b4 Qxe5 14. Nd4 Bg6 15. Rfe1 Qh5 16. Qe3 Qh6 17. Bxe6+ fxe6 18. Qxe6+ Kd8 19. Qd5+ Bd6 20. g3 Kc8 21. Qa5 Rxf2 22. Nf3 Rxf3 23. Qxa7 Bxg3 24. Qa8+ Kd7 25. Rad1+ Bd3 26. Qa4+ c6 27. Re2 Bxh2+ 28. Rxh2 Qg5+ 29. Rg2 Qe3+ 0-1

[Event "56th Rubinstein Memorial D 2020"]
[Site "Polanica Zdroj"]
[Date "2020.08.20"]
[Round "6.15"]
[White "Lewandrowski, Tomasz"]
[Black "Grzebieniowski, Michal"]
[Result "1/2-1/2"]
[ECO "B13"]
[WhiteElo "1879"]
[BlackElo "1390"]
[Annotator "NA RC"]
[PlyCount "37"]
[EventDate "2020.08.15"]
[EventType "swiss"]
[EventCountry "POL"]
[SourceTitle "playchess.com"]
[Source "ChessBase"]
[SourceQuality "1"]
[TimeControl "40/5400+30:1800+30"]

1. e4 c6 2. d4 d5 3. exd5 cxd5 4. Bd3 Nc6 5. c3 Nf6 6. Ne2 Bg4 7. f3 {[%emt 0:02:59] B13: Caro-Kann: Exchange Variation and Panov-Botvinnik Attack.} Bh5 8. Nf4 Bg6 9. Nxg6 hxg6 10. O-O e6 11. Nd2 Bd6 {[%emt 0:00:53] [#]} 12. h3 $146 ({Predecessor:} 12. g3 $11 {keeps the balance.} Qc7 13. Rf2 Rh3 14. Nf1 O-O-O 15. Be3 Rdh8 16. Qe2 Nh5 17. f4 g5 18. Qg4 Nxf4 19. gxf4 gxf4 20. Bxf4 Bxf4 21. Rxf4 Rxd3 {½-½ (59) Buczko,J-Gerecs,I Hungary 2002}) 12... Nh5 13. Nb3 Qh4 (13... Nf4 $17 14. Bxf4 Bxf4) 14. Qe1 Bg3 15. Qe2 Bd6 ({Better is} 15... O-O $17) 16. Qf2 Bg3 17. Qc2 Bd6 (17... O-O $17) 18. Qf2 Bg3 19. Qc2 $15 1/2-1/2

[Event "56th Rubinstein Memorial D 2020"]
[Site "Polanica Zdroj"]
[Date "2020.08.20"]
[Round "6.16"]
[White "Wilgosz, Jan"]
[Black "Soszka, Szymon"]
[Result "1/2-1/2"]
[ECO "B14"]
[WhiteElo "1617"]
[BlackElo "1206"]
[Annotator "NA RC"]
[PlyCount "58"]
[EventDate "2020.08.15"]
[EventType "swiss"]
[EventCountry "POL"]
[SourceTitle "playchess.com"]
[Source "ChessBase"]
[SourceQuality "1"]
[TimeControl "40/5400+30:1800+30"]

1. e4 c6 2. d4 d5 3. exd5 cxd5 4. c4 Nf6 5. Nc3 g6 6. cxd5 Nxd5 7. Qb3 Nxc3 8. bxc3 Bg7 9. Nf3 O-O 10. Bf4 Nc6 11. Be2 b6 12. h4 h5 13. Ng5 Na5 14. Qd1 f6 15. Nf3 Bg4 16. Bd3 f5 17. Qe2 Qd5 18. O-O Rac8 19. Rac1 Kh8 20. Be5 Bxf3 21. Bxg7+ Kxg7 22. gxf3 Qd6 23. Rfe1 Rc7 24. Qe3 Qf6 25. Ba6 Rd8 26. f4 Rd6 27. Qe5 Rdc6 28. Re3 Kf7 29. Qxf6+ Kxf6 1/2-1/2

[Event "56th Rubinstein Memorial D 2020"]
[Site "Polanica Zdroj"]
[Date "2020.08.20"]
[Round "6.17"]
[White "Bednarczyk, Mateusz"]
[Black "Goral, Jan"]
[Result "1-0"]
[ECO "B36"]
[WhiteElo "1500"]
[BlackElo "1580"]
[Annotator "NA RC"]
[PlyCount "91"]
[EventDate "2020.08.15"]
[EventType "swiss"]
[EventCountry "POL"]
[SourceTitle "playchess.com"]
[Source "ChessBase"]
[SourceQuality "1"]
[TimeControl "40/5400+30:1800+30"]

1. e4 c5 2. Nf3 Nc6 3. d4 cxd4 4. Nxd4 g6 5. c4 Nf6 6. Nc3 d6 7. Be2 Nxd4 8. Qxd4 Bg7 9. Be3 O-O 10. Qd2 a5 11. O-O a4 12. Rad1 Qa5 13. Nd5 Nxd5 14. cxd5 Qxd2 15. Rxd2 Bd7 16. Rc1 Rfc8 17. Rdc2 f5 18. f3 Kf7 19. Rxc8 Rxc8 20. Rxc8 Bxc8 21. b3 axb3 22. axb3 Bc3 23. Kf2 Kf6 24. Bb6 Ke5 25. Ke3 fxe4 26. fxe4 Bd7 27. Bd8 Bd4+ 28. Kd2 Kxe4 29. Bf3+ Ke5 30. Bxe7 Be8 31. Kd3 Bg1 32. h3 b5 33. Bf8 Bc5 34. Bg7+ Kf4 35. Bd4 Bf7 36. Bxc5 dxc5 37. d6 Be8 38. Bg4 c4+ 39. bxc4 bxc4+ 40. Kxc4 Kg3 41. Bf3 h5 42. Kc5 Bd7 43. Kb6 g5 44. Kc7 Bf5 45. Bxh5 Kxg2 46. Bg4 1-0

[Event "56th Rubinstein Memorial D 2020"]
[Site "Polanica Zdroj"]
[Date "2020.08.20"]
[Round "6.18"]
[White "Ratajczak, Hubert"]
[Black "Zielinski, Marcin"]
[Result "1-0"]
[ECO "B13"]
[WhiteElo "1513"]
[BlackElo "1527"]
[Annotator "NA RC"]
[PlyCount "79"]
[EventDate "2020.08.15"]
[EventType "swiss"]
[EventCountry "POL"]
[SourceTitle "playchess.com"]
[Source "ChessBase"]
[SourceQuality "1"]
[TimeControl "40/5400+30:1800+30"]

1. e4 c6 2. d4 d5 3. exd5 cxd5 4. Bd3 Nc6 5. c3 Nf6 6. h3 g6 7. Nf3 Bg7 8. O-O O-O 9. Bf4 Bf5 10. Be2 Ne4 11. Nbd2 Re8 12. Re1 Nxd2 13. Qxd2 a6 14. Nh4 Bd7 15. Bg3 b5 16. a3 Qb6 17. Bf3 e6 18. Bf4 f6 19. Be3 g5 20. Bh5 gxh4 21. Bxe8 Rxe8 22. Bh6 Qd8 23. Bxg7 Kxg7 24. Qf4 f5 25. Re3 h6 26. g3 Qg5 27. Qd6 Re7 28. Kh2 Kh7 29. gxh4 Qxh4 30. Rg3 f4 31. Rg2 Rf7 32. Rag1 Qe7 33. Qc7 e5 34. dxe5 Nxe5 35. Qb6 Qh4 36. Rg3 fxg3+ 37. Rxg3 Ng4+ 38. Kg1 Nxf2 39. Qg6+ Kh8 40. Qg8# 1-0

[Event "56th Rubinstein Memorial D 2020"]
[Site "Polanica Zdroj"]
[Date "2020.08.20"]
[Round "6.19"]
[White "Maj, Samuel"]
[Black "Lisiecki, Robert"]
[Result "0-1"]
[ECO "A50"]
[WhiteElo "1188"]
[BlackElo "1749"]
[Annotator "NA RC"]
[PlyCount "94"]
[EventDate "2020.08.15"]
[EventType "swiss"]
[EventCountry "POL"]
[SourceTitle "playchess.com"]
[Source "ChessBase"]
[SourceQuality "1"]
[TimeControl "40/5400+30:1800+30"]

1. d4 Nf6 2. c4 Nc6 3. Nf3 e6 4. Nc3 Bb4 5. Bg5 d6 6. Qc2 a5 7. e3 O-O 8. Bd3 h6 9. Bh4 e5 10. d5 Nb8 11. Nd2 Nbd7 12. Bxf6 Nxf6 13. O-O Bxc3 14. Qxc3 Qe7 15. Qc2 Nd7 16. f4 Nc5 17. f5 Nxd3 18. Qxd3 e4 19. Qe2 f6 20. Rf4 Qe5 21. Nxe4 Bxf5 22. Ng3 Bh7 23. Raf1 a4 24. Nf5 Bxf5 25. Rxf5 Qe4 26. R5f4 Qe5 27. Rf5 Qe4 28. R5f4 Qe7 29. a3 c6 30. dxc6 bxc6 31. Rd4 Rfe8 32. Rfd1 Rab8 33. Rxd6 Qe5 34. R6d2 Rb3 35. e4 f5 36. Rd8 fxe4 37. Rxe8+ Qxe8 38. Qf2 e3 39. Qe2 Qe7 40. Re1 Qf6 41. h3 Qd4 42. Qg4 Qxg4 43. hxg4 Kf7 44. Re2 Ke6 45. Kh2 Ke5 46. Kg3 Ke4 47. Re1 Rxb2 0-1

[Event "56th Rubinstein Memorial D 2020"]
[Site "Polanica Zdroj"]
[Date "2020.08.20"]
[Round "6.20"]
[White "Zarzecki, Dymitr Stanislaw"]
[Black "Perek, Oskar"]
[Result "1-0"]
[ECO "A12"]
[WhiteElo "1596"]
[BlackElo "1447"]
[Annotator "NA RC"]
[PlyCount "69"]
[EventDate "2020.08.15"]
[EventType "swiss"]
[EventCountry "POL"]
[SourceTitle "playchess.com"]
[Source "ChessBase"]
[SourceQuality "1"]
[TimeControl "40/5400+30:1800+30"]

1. Nf3 d5 2. c4 c6 3. b3 Nf6 4. Bb2 Bg4 5. g3 e6 6. Bg2 Bc5 7. O-O Nbd7 8. d4 Bd6 9. Nbd2 Qc7 10. Rc1 h5 11. c5 Be7 12. b4 O-O-O 13. Qa4 a6 14. Qb3 Rdg8 15. a4 g5 16. Ne5 Nxe5 17. dxe5 Nd7 18. f3 Bf5 19. e4 Bg6 20. exd5 cxd5 21. Rfe1 g4 22. f4 h4 23. Bd4 hxg3 24. hxg3 Be4 25. Nxe4 dxe4 26. Bxe4 Rh3 27. c6 Qb8 28. cxb7+ Kd8 29. Rc8+ Qxc8 30. bxc8=Q+ Kxc8 31. Bf2 Rgh8 32. Qc3+ Kd8 33. Rd1 f5 34. exf6 Bxf6 35. Qxf6+ 1-0

[Event "56th Rubinstein Memorial D 2020"]
[Site "Polanica Zdroj"]
[Date "2020.08.21"]
[Round "7.1"]
[White "Gromczak, Dariusz"]
[Black "Szczygiel, Jakub"]
[Result "1-0"]
[ECO "B23"]
[WhiteElo "1785"]
[BlackElo "1802"]
[Annotator "NA"]
[PlyCount "59"]
[EventDate "2020.08.15"]
[EventType "swiss"]
[EventCountry "POL"]
[SourceTitle "playchess.com"]
[Source "ChessBase"]
[SourceQuality "1"]
[TimeControl "40/5400+30:1800+30"]

1. e4 c5 2. Nc3 g6 3. d4 Bg7 4. d5 d6 5. Bb5+ Nd7 6. a4 Ngf6 7. Nf3 O-O 8. O-O a6 9. Be2 h6 {[%emt 0:00:19] [#] A43: Schmid Benoni.} 10. Nd2 $146 ({Predecessor:} 10. h3 Ne8 11. Bf4 Ne5 12. Nxe5 dxe5 13. Be3 Qc7 14. Qd2 Kh7 15. a5 Nd6 16. f4 f5 17. fxe5 Bxe5 18. Bxh6 {1-0 (34) Stern,G (2015)-Eschle,H (1880) Bad Wiessee 2019}) 10... Nh7 11. Nc4 Ne5 12. Nxe5 dxe5 13. Be3 b6 14. a5 Bd7 (14... b5 $16) 15. Qd2 g5 $2 (15... b5 16. Bxc5 f5) 16. axb6 Qxb6 {[%emt 0:00:22] [#]} 17. b4 $1 f5 18. Bxc5 Qf6 19. d6 exd6 20. Qxd6 Qxd6 21. Bxd6 Rfc8 22. Bc5 ({Not} 22. Bxa6 Rxc3 23. Bc4+ {[%mdl 64] Discovered Attack} Rxc4 $14) 22... Bf8 23. Bxa6 Rxa6 (23... Rcb8 {keeps fighting.} 24. Nd5 Kg7) 24. Rxa6 Bxc5 25. bxc5 Rxc5 26. Rd1 Nf8 $18 27. Nd5 Bb5 28. Ra5 Ne6 29. Ne7+ Kf7 30. Nxf5 1-0